 Dungeon Sprint DCSS version 0.30-a0-1160-g6e42c06551 (webtiles) character file.

Game seed: 8778813866500489430

32276 fozzywoppz the Ninja (level 13, -16/81 HPs)
             Began as a Spriggan Enchanter on Apr 25, 2023.
             Was a High Priest of Jiyva.
             Killed from afar by a nagaraja (47 damage)
             ... with a bolt of poison
             ... in the Dungeon (Sprint VII: "The Pits").
             The game lasted 00:26:00 (2293 turns).

fozzywoppz the Ninja (Spriggan Enchanter)           Turns: 2293, Time: 00:26:01

Health: -16/81     AC: 12    Str:  6    XL:     13   Next: 30%
Magic:  16/26      EV: 37    Int: 18    God:    Jiyva [*****.]
Gold:   47         SH:  0    Dex: 17    Spells: 17/28 levels left

rFire   . . .        m - +6 dagger (elec)
rCold   + . .        (no shield)
rNeg    . . .        r - +0 troll leather armour
rPois   .            i - +0 mask of the Dragon {Will+ Slay+3 SInv}
rElec   .            q - +0 cloak
rCorr   +            (gloves unavailable)
SInv    +            (boots unavailable)
Will    +++..        (no amulet)
Stlth   +++++++++    a - +3 ring of evasion
HPRegen 2.57/turn    j - +3 ring of protection
MPRegen 0.65/turn

%: no teleportation
@: lethally poisoned (-16 -> -17), hasted, constricted, very quick
A: very small, no large weapons, unfitting armour, see invisible, speed 3, cold
resistance 1, wild magic 1, gelatinous body 3
a: Renounce Religion, Oozemancy, Slimify


You were in the Dungeon.
You worshipped Jiyva.
Jiyva was extremely pleased with you.
You visited 1 branch You collected 47 gold pieces.

Inventory:

Hand Weapons
 m - a +6 dagger of electrocution (weapon)
Missiles
 s - 13 poisoned darts (quivered)
Armour
 b - +5 acid dragon scales
 i - the +0 mask of the Dragon (worn) {Will+ Slay+3 SInv}
   (You found it in the Dungeon)

   Slay:      It affects your accuracy & damage with ranged weapons and melee
   (+3).
   SInv:      It lets you see invisible.
   Will:      It increases your willpower.
 q - a +0 cloak (worn)
 r - a +0 troll leather armour (worn)
Jewellery
 a - a +3 ring of evasion (left hand)
 j - a +3 ring of protection (right hand)
 t - a ring of poison resistance
Wands
 p - a wand of flame (11)
 v - a wand of charming (8)
Scrolls
 k - 5 scrolls of amnesia
 l - a scroll of butterflies
 u - 2 scrolls of identify
Potions
 c - a potion of invisibility
 d - 10 potions of curing
 e - 11 potions of heal wounds
 f - a potion of haste
 g - 4 potions of magic
 h - a potion of berserk rage
 n - a potion of resistance
 o - 4 potions of mutation
 z - 3 potions of brilliance


   Skills:
 + Level 16.0 Fighting
 - Level 9.0 Short Blades
 - Level 5.0 Armour
 + Level 25.0 Dodging
 O Level 27 Stealth
 - Level 8.0 Spellcasting
 + Level 12.7 Hexes


You had 17 spell levels left.
You knew the following spells:

 Your Spells              Type           Power      Damage    Failure   Level
a - Ensorcelled Hibernat  Hex/Ice        78%        N/A       3%          2
b - Tukima's Dance        Hex            62%        N/A       1%          3
c - Dazzling Flash        Conj/Hex       78%        N/A       5%          3
d - Confusing Touch       Hex            62%        N/A       1%          3

Your spell library contained the following spells:

 Spells                   Type           Power      Damage    Failure   Level


Dungeon Overview and Level Annotations

Branches:
Dungeon (1/1)

Altars:
Ashenzari
Cheibriados
Dithmenos
Elyvilon
Fedhas
Gozag
Hepliaklqana
Kikubaaqudgha
Makhleb
Nemelex Xobeh
Okawaru
Qazlal
Ru
Sif Muna
Trog
Uskayaw
Vehumet
Wu Jian
Xom
Yredelemnul
Zin
The Shining One
Jiyva
Lugonu


Innate Abilities, Weirdness & Mutations

You are very small and have problems with some larger weapons.
You are too small for most types of armour.
You have supernaturally acute eyesight. (SInv)
You cover ground extremely quickly. (Speed+++)
Your flesh is cold resistant. (rC+)
Your spells are a little harder to cast, but a little more powerful.
Your gelatinous body deflects attacks. (AC +3, EV +3)


Message History

Casting: Dazzling Flash (dangerous; 5% risk of failure)
Confirm with . or Enter, or press ? or * to list all spells.
Casting: Dazzling Flash (dangerous; 5% risk of failure)
Press: ? - help, Dir - look around, f - activate The sphinx is dazzled.
The merfolk impaler is dazzled.
You feel sick. The spriggan rider misses you. The sphinx misses you.
The sphinx completely misses you. x2
Unknown command.
Casting: Dazzling Flash (dangerous; 5% risk of failure)
Confirm with . or Enter, or press ? or * to list all spells.
Aiming: Tukima's Dance (safe; 1% risk of failure)
Press: ? - help, Shift-Dir - straight line, f - spriggan rider
Aim: a spriggan rider, wielding a +0 scimitar and quivering curare-tipped darts (chance to affect: 13%)
The spriggan rider resists with almost no effort.
You feel sick. The spriggan rider closely misses you.
The merfolk barely misses you. The sphinx completely misses you.
The sphinx hits you but does no damage. The sphinx completely misses you.
You hit the sphinx. Lightning courses through the sphinx!!
The sphinx is moderately wounded.
You feel sick. The nagaraja completely misses you. The nagaraja grabs you.
The nagaraja constricts you.
The spriggan rider hits you with a +0 scimitar!!
* * * LOW HITPOINT WARNING * * *
You shudder from the blow and a jelly pops out!
The merfolk barely misses you. The sphinx completely misses you. x3
Okay, then.
You feel much better.
You feel sick.
The sphinx is no longer blind.
The nagaraja hits you with a +0 flail! The nagaraja constricts you.
Your acid blob hits the merfolk!!
The merfolk is splashed with acid.
The acid corrodes the merfolk!
The spriggan rider completely misses you.
The sphinx hits you but does no damage. The sphinx barely misses you.
The sphinx completely misses you. The merfolk misses you.
You feel yourself speed up.
You feel sick.
The merfolk is no longer blind.
Your acid blob hits the merfolk.
The merfolk is splashed with acid.
The nagaraja points at you and mumbles some strange words.
The bolt of poison hits you!!!
You are more poisoned.
Ouch! That really hurt!
You die...

+..#....#..#
+..........#
#..........#
#..#....#..#
+..........#
+..........#
#.m#N(..#..#
#..Ei@.....+
#...mH.....+
###'J####''# #''#
#''###########
#....).##.......)).)..
#.#'##.##.......))))..
#.#E .##..###########
# ') ##..#))#))#))))
.#. #..#))#))##''#


You could see a sphinx (confused, very poisoned), a nagaraja, a merfolk impaler
(confused, blind), a spriggan rider (ally target), a merfolk (corroded), an
earth elemental, a water elemental and a friendly acid blob (summoned).

Vanquished Creatures
  A death cob (D)
  2 orc warlords (D)
  A stone giant (D)
  A vampire knight (D)
  A black draconian (D)
  A yaktaur captain (D)
  4 vault guards (D)
  An ogre mage (D)
  Erica (D)
  A hydra (D)
  An alligator snapping turtle (D)
  2 two-headed ogres (D)
  A naga warrior (D)
  An orc high priest (D)
  A sea snake (D)
  2 shadow wraiths (D)
  A flayed ghost (D)
  2 phantasmal warriors (D)
  2 lindwurms (D)
  A deep troll (D)
  A bog body (D)
  9 orc knights (D)
  A cyclops (D)
  Maurice (D)
  Joseph (D)
  A black mamba (D)
  A cane toad (D)
  An orange demon (D)
  2 kobold demonologists (D)
  A rime drake (D)
  2 komodo dragons (D)
  A wind drake (D)
  2 red devils (D)
  A snapping turtle (D)
  A troll (D)
  5 blink frogs (D)
  A hellwing (D)
  A slime creature (D)
  3 jumping spiders (D)
  3 yaks (D)
  A ynoxinul (D)
  2 fire elementals (D)
  4 redbacks (D)
  A wyvern (D)
  2 chaos spawn (D)
  4 hell hounds (D)
  A water moccasin (D)
  An orc warrior (D)
  4 sky beasts (D)
  A black bear (D)
  2 ogres (D)
  2 wolves (D)
  2 centaurs (D)
  2 kobold brigands (D)
  An earth elemental (D)
  A scorpion (D)
  A crimson imp (D)
  A hound (D)
  An iron imp (D)
  A gnoll (D)
  An adder (D)
  An ufetubus (D)
  6 orcs (D)
  2 giant cockroaches (D)
  A hobgoblin (D)
  A ball python (D)
  A bat (D)
  A frilled lizard (D)
  4 kobolds (D)
  A rat (D)
121 creatures vanquished.

Vanquished Creatures (collateral kills)
  A two-headed ogre (D)
  2 orc knights (D)
3 creatures vanquished.

Vanquished Creatures (others)
  Dissolution (D)
  A pearl dragon (D)
  An azure jelly (D)
  2 rockslimes (D)
  A mummy priest (D)
  3 golden eyes (D)
  A dancing weapon (D)
  A floating eye (shapeshifter) (D)
  A scorpion (D)
  16 jellies (D)
  A rat (D)
29 creatures vanquished.

Grand Total: 153 creatures vanquished

Notes
Turn   | Place    | Note
-------+----------+-------------------------------------------
     0 | D        | fozzywoppz the Spriggan Enchanter began the quest for the
                  | Orb.
     0 | D        | Reached XP level 1. HP: 9/9 MP: 5/5
    38 | D        | Found a glowing golden altar of the Shining One.
    38 | D        | Found a glowing silver altar of Zin.
    38 | D        | Found a basalt altar of Yredelemnul.
    38 | D        | Found a shimmering altar of Xom.
    38 | D        | Found an ornate altar of the Wu Jian Council.
    38 | D        | Found a bloodstained altar of Trog.
    38 | D        | Found a shimmering blue altar of Sif Muna.
    38 | D        | Found a sacrificial altar of Ru.
    38 | D        | Found a stormy altar of Qazlal.
    38 | D        | Found an iron altar of Okawaru.
    38 | D        | Found a sparkling altar of Nemelex Xobeh.
    38 | D        | Found a burning altar of Makhleb.
    38 | D        | Found a viscous altar of Jiyva.
    38 | D        | Found a hazy altar of Hepliaklqana.
    38 | D        | Found an opulent altar of Gozag.
    38 | D        | Found a blossoming altar of Fedhas.
    38 | D        | Found a white marble altar of Elyvilon.
    38 | D        | Found a shadowy altar of Dithmenos.
    38 | D        | Found a snail-covered altar of Cheibriados.
    39 | D        | Found a radiant altar of Vehumet.
    39 | D        | Found a corrupted altar of Lugonu.
    40 | D        | Found a hide-covered altar of Uskayaw.
    40 | D        | Found an ancient bone altar of Kikubaaqudgha.
    40 | D        | Found a broken altar of Ashenzari.
    61 | D        | Became a worshipper of Jiyva Jacus the Shapeless
    72 | D        | Killed an azure jelly
    72 | D        | Killed a mummy priest
    75 | D        | Reached skill level 5 in Stealth
    78 | D        | Reached XP level 2. HP: 13/13 MP: 5/7
    79 | D        | Killed a rockslime
    82 | D        | Learned a level 2 spell: Ensorcelled Hibernation
    85 | D        | Killed a pearl dragon
    86 | D        | Killed a rockslime
    89 | D        | Killed Dissolution
    90 | D        | Killed a golden eye
   123 | D        | Noticed a crimson imp
   130 | D        | Reached skill level 6 in Stealth
   130 | D        | Reached XP level 3. HP: 16/16 MP: 3/9
   226 | D        | Reached skill level 5 in Dodging
   226 | D        | Reached skill level 7 in Stealth
   226 | D        | Reached skill level 5 in Hexes
   269 | D        | Killed a golden eye
   319 | D        | Learned a level 3 spell: Tukima's Dance
   323 | D        | Noticed an ogre
   324 | D        | Noticed a sky beast
   326 | D        | Noticed a black bear
   336 | D        | Killed an ogre
   337 | D        | Reached skill level 1 in Fighting
   337 | D        | Reached skill level 8 in Stealth
   337 | D        | Reached skill level 5 in Spellcasting
   337 | D        | Reached XP level 4. HP: 22/22 MP: 8/12
   350 | D        | Killed a sky beast
   351 | D        | Reached skill level 10 in Stealth
   351 | D        | Reached XP level 5. HP: 24/28 MP: 3/13
   352 | D        | Noticed a water moccasin
   353 | D        | Killed a black bear
   354 | D        | Reached XP level 6. HP: 28/33 MP: 1/14
   465 | D        | Reached * piety under Jiyva
   472 | D        | Killed a water moccasin
   473 | D        | Reached skill level 11 in Stealth
   476 | D        | Noticed an orange demon
   493 | D        | Killed an orange demon
   494 | D        | Reached skill level 5 in Fighting
   494 | D        | Reached skill level 10 in Dodging
   494 | D        | Reached skill level 14 in Stealth
   494 | D        | Reached XP level 7. HP: 18/39 MP: 15/15
   519 | D        | Reached skill level 15 in Stealth
   554 | D        | Noticed a cane toad
   554 | D        | Noticed a ynoxinul
   571 | D        | Killed a ynoxinul
   572 | D        | Reached skill level 16 in Stealth
   572 | D        | Reached XP level 8. HP: 44/44 MP: 16/16
   576 | D        | Killed a cane toad
   712 | D        | Reached ** piety under Jiyva
   721 | D        | Learned a level 3 spell: Dazzling Flash
   725 | D        | Learned a level 3 spell: Confusing Touch
   730 | D        | Noticed a komodo dragon
   730 | D        | Noticed a lindwurm
   760 | D        | Killed a lindwurm
   761 | D        | Reached skill level 17 in Stealth
   762 | D        | Killed a komodo dragon
   763 | D        | Reached XP level 9. HP: 50/50 MP: 14/20
   771 | D        | Noticed Joseph
   772 | D        | Noticed Maurice
   772 | D        | Noticed a phantasmal warrior
   774 | D        | Killed a phantasmal warrior
   775 | D        | Reached skill level 18 in Stealth
   779 | D        | Killed Maurice
   791 | D        | Killed Joseph
   829 | D        | Reached *** piety under Jiyva
   829 | D        | Noticed a komodo dragon
   829 | D        | Noticed Erica
   830 | D        | Noticed a troll
   830 | D        | Noticed a red devil
   830 | D        | Noticed a sea snake
   830 | D        | Noticed a bog body
   863 | D        | Killed a bog body
   864 | D        | Reached skill level 19 in Stealth
   864 | D        | Reached skill level 10 in Hexes
   864 | D        | Reached XP level 10. HP: 57/57 MP: 23/23
   873 | D        | Noticed a vampire knight
   879 | D        | Killed a sea snake
   880 | D        | Reached skill level 15 in Dodging
   880 | D        | Reached skill level 20 in Stealth
   901 | D        | Killed Erica
   903 | D        | Reached skill level 10 in Fighting
   903 | D        | Reached skill level 21 in Stealth
   903 | D        | Noticed an orc high priest
   909 | D        | Killed an orc high priest
   946 | D        | Reached skill level 22 in Stealth
   954 | D        | Reached skill level 1 in Armour
   988 | D        | Reached XP level 11. HP: 64/64 MP: 20/24
  1002 | D        | Noticed a flayed ghost
  1015 | D        | Gained mutation: You have sharp toenails. [Jiyva's grace]
  1015 | D        | Gained mutation: You have razor-sharp toenails. [Jiyva's
                  | grace]
  1015 | D        | Gained mutation: You have claws for feet. [Jiyva's grace]
  1015 | D        | Gained mutation: Your flesh is cold resistant. (rC+)
                  | [Jiyva's grace]
  1015 | D        | Noticed a lindwurm
  1015 | D        | Noticed a death cob
  1015 | D        | Noticed a deep troll
  1015 | D        | Noticed a phantasmal warrior
  1030 | D        | Noticed a shadow wraith
  1036 | D        | Killed a vampire knight
  1037 | D        | Reached skill level 23 in Stealth
  1046 | D        | Killed a shadow wraith
  1102 | D        | Killed a phantasmal warrior
  1144 | D        | Killed a flayed ghost
  1185 | D        | Killed a death cob
  1186 | D        | Reached skill level 5 in Armour
  1186 | D        | Reached skill level 24 in Stealth
  1191 | D        | Killed a deep troll
  1205 | D        | Killed a lindwurm
  1308 | D        | Reached **** piety under Jiyva
  1443 | D        | Noticed a five-headed hydra
  1456 | D        | Noticed a shadow wraith
  1490 | D        | Killed a five-headed hydra
  1494 | D        | Noticed an alligator snapping turtle
  1499 | D        | Killed a shadow wraith
  1500 | D        | Reached skill level 25 in Stealth
  1502 | D        | Killed an alligator snapping turtle
  1503 | D        | Reached XP level 12. HP: 72/72 MP: 25/25
  1592 | D        | Reached ***** piety under Jiyva
  1679 | D        | Noticed an ogre mage
  1679 | D        | Noticed a two-headed ogre
  1679 | D        | Noticed a two-headed ogre
  1679 | D        | Noticed a two-headed ogre
  1683 | D        | Noticed an orc warlord
  1689 | D        | Killed a two-headed ogre
  1690 | D        | Reached skill level 26 in Stealth
  1690 | D        | Noticed an orc warlord
  1707 | D        | Noticed a vault guard
  1707 | D        | Noticed a vault guard
  1723 | D        | Killed an ogre mage
  1737 | D        | Killed an orc warlord
  1758 | D        | Killed a two-headed ogre
  1759 | D        | Reached skill level 27 in Stealth
  1776 | D        | Slimified a vault guard
  1776 | D        | a vault guard changed into a slime creature
  1781 | D        | Killed a two-headed ogre
  1789 | D        | Killed a vault guard
  1822 | D        | Killed an orc warlord
  1836 | D        | HP: 2/75 [orc knight/+3 dire flail of protection (35)]
  1869 | D        | Noticed a yaktaur captain
  1872 | D        | Reached skill level 15 in Fighting
  1903 | D        | Noticed a vault guard
  1906 | D        | Noticed a naga warrior
  1906 | D        | Noticed a stone giant
  1957 | D        | Killed a naga warrior
  1958 | D        | Reached XP level 13. HP: 47/81 MP: 9/26
  2040 | D        | Killed a stone giant
  2135 | D        | Lost mutation: You have claws for feet. [Jiyva's grace]
  2135 | D        | Lost mutation: You have razor-sharp toenails. [Jiyva's
                  | grace]
  2135 | D        | Lost mutation: You have sharp toenails. [Jiyva's grace]
  2135 | D        | Gained mutation: Your rubbery body absorbs attacks. (AC +1,
                  | EV +1) [Jiyva's grace]
  2135 | D        | Gained mutation: Your pliable body absorbs attacks. (AC +2,
                  | EV +2) [Jiyva's grace]
  2135 | D        | Gained mutation: Your gelatinous body deflects attacks. (AC
                  | +3, EV +3) [Jiyva's grace]
  2135 | D        | Gained mutation: Your spells are a little harder to cast,
                  | but a little more powerful. [Jiyva's grace]
  2164 | D        | Found the +0 mask of the Dragon {Will+ Slay+3 SInv}
  2265 | D        | Identified the +6 war axe of Somewhere Else {flame, rF+}
  2265 | D        | Noticed a black draconian
  2266 | D        | Noticed a merfolk impaler
  2266 | D        | Found the +11 plutonium sword {Contam Stlth-}
  2268 | D        | Noticed a sphinx
  2268 | D        | Noticed a nagaraja
  2275 | D        | Killed a black draconian
  2280 | D        | Identified the +2 shortbow of Demand {heavy, rElec rF+}
  2293 | D        | Killed from afar by a nagaraja

Illustrated notes

Levels and vault maps discovered:
D:        pitsprint [storerooms_1, entrance_room_1, metal_vault_1, armoury_1,
          mini_pit_1, grid_room_1, main_hall_1, silver_pit, the_coven_1,
          the_vestibule_1, steel_vault_3, golden_pit, hallway_of_sentries,
          crystal_vault_3, iron_vault_5, final_vault]

Skill      XL: |  1  2  3  4  5  6  7  8  9 10 11 12 13 |
---------------+----------------------------------------+-----
Dodging        | 3 4 5 7 8 10 11 12 14 17 20 24 25 | 25.0
Spellcasting   | 3 4 5 6 8 |  8.0
Short Blades   | 2 3 4 6 9 |  9.0
Stealth        | 5 6 8 10 14 16 17 19 22 25 27 | 27.0
Hexes          | 4 6 7 10 12 | 12.7
Fighting       | 1 3 4 5 6 7 8 10 12 15 16 | 16.0
Armour         | 2 5 |  5.0

Action                     |  1- 3 |  4- 6 |  7- 9 | 10-12 | 13-15 || total
---------------------------+-------+-------+-------+-------+-------++-------
  Melee: Dagger            |   103 |    28 |    70 |   350 |    76 ||   627
         Punch             |       |       |       |     9 |       ||     9
         Kick              |       |       |       |   137 |    28 ||   165
  Throw: Dart              |       |       |       |     3 |       ||     3
   Cast: Ensorcelled Hiber |     9 |     6 |     8 |    19 |     3 ||    45
         Confusing Touch   |       |       |       |    40 |     8 ||    48
         Dazzling Flash    |       |       |       |     5 |     2 ||     7
         Tukima's Dance    |       |       |       |     4 |     1 ||     5
 Invoke: Slimify           |       |       |       |     1 |       ||     1
    Use: Potion            |     2 |       |     3 |     5 |     2 ||    12
         Scroll            |       |       |       |     8 |     2 ||    10
   Stab: Sleeping          |     6 |     5 |     5 |    30 |     3 ||    49
         Invisible         |       |       |     5 |     4 |       ||     9
         Confused          |       |       |       |    31 |     5 ||    36
         Fleeing           |       |       |       |     1 |       ||     1
 Armour: Robe              |     6 |     2 |     1 |       |       ||     9
         Troll leather arm |       |       |       |    13 |     3 ||    16
  Dodge: Dodged            |    61 |    19 |    51 |   305 |    75 ||   511

Table legend: (Time is in decaauts)
 A = Elapsed time spent in this place.
 B = Non-inter-level travel time spent in this place.
 C = Inter-level travel time spent in this place.
 D = Time resting spent in this place.
 E = Time spent auto-exploring this place.
 F = Levels seen in this place.
 G = Mean time per level.
                   A        B        C        D        E       F      G
               +--------+--------+--------+--------+--------+-----+--------+
         Total |   1589 |   1589 |      0 |    238 |      0 |   1 | 1589.0 |
       Dungeon |   1589 |   1589 |      0 |    238 |      0 |   1 | 1589.0 |
               +--------+--------+--------+--------+--------+-----+--------+

Top non-repeatable levels by time:
       D: 1589 daAuts
